 Dungeon Crawl Stone Soup version 0.18-a0-1109-gfc003ac (webtiles) character file.

11960 4thArraOfDagon the Severer (level 11, -6/94 HPs)
             Began as a Hill Orc Berserker on Jan 16, 2016.
             Was an Elder of Trog.
             Killed by Ozocubu's Refrigeration
             ... invoked by Fannar
              (17 damage)
             ... on level 1 of the Orcish Mines.
             The game lasted 00:24:26 (3797 turns).

4thArraOfDagon the Severer (Hill Orc Berserker)     Turns: 3797, Time: 00:24:26

Health: -6/94      AC: 11    Str: 23    XL:     11   Next: 85%
Magic:  0/16       EV: 11    Int:  8    God:    Trog [****..]
Gold:   54         SH:  0    Dex: 10    Spells: 0 memorised, 10 levels left

rFire  . . .     SeeInvis .     x - +0 battleaxe
rCold  . . .     Gourm    .     B - +4 moon troll leather armour {Spirit, Regen++ MP+5}
rNeg   . . .     Faith    .     (shield currently unavailable)
rPois  +         Spirit   +     (no helmet)
rElec  .         Dismiss  .     (no cloak)
rCorr  +         Reflect  .     (no gloves)
SustAt .         Harm     .     (no boots)
MR     +++..                    (no amulet)
Stlth  +.........               G - ring "Semuiriki" {rCorr MR+}
                                H - ring of poison resistance

@: exhausted, regenerating, slowed, very slow, extremely resistant to hostile
enchantments, very unstealthy
A: icy blue scales 1
a: Berserk, Trog's Hand, Brothers in Arms, Burn Spellbooks, Renounce Religion


You were on level 1 of the Orcish Mines.
You worshipped Trog.
Trog was greatly pleased with you.
You were near starving.

You visited 2 branches of the dungeon, and saw 15 of its levels.
You also visited: Ice Cave.

You collected 790 gold pieces.
You spent 736 gold pieces at shops.

Inventory:

Hand Weapons
 a - a +0 hand axe
 d - a +2 dagger of venom
 f - a +0 blowgun
 w - a +0 hand axe of flaming
 x - a +0 battleaxe (weapon)
 D - a +0 broad axe
Missiles
 m - 21 poisoned needles
Armour
 B - the +4 moon troll leather armour (worn) {Spirit, Regen++ MP+5}
   (You found it on level 12 of the Dungeon)

   It affects your magic capacity (+5).
   It increases your rate of regeneration.
 E - a +1 plate armour of fire resistance
 F - a +2 plate armour of poison resistance
Jewellery
 G - the ring "Semuiriki" (right hand) {rCorr MR+}
   (You bought it in a shop on level 2 of the Orcish Mines)

   [ring of resist corrosion]

   It affects your resistance to hostile enchantments.
 H - a ring of poison resistance (left hand)
Wands
 n - a wand of draining (6/15)
 p - a wand of fireball (5/15)
 t - a wand of fireball (6/15)
 y - a wand of flame (26/48)
 z - a wand of magic darts (17/48)
Scrolls
 k - 3 scrolls of enchant weapon {unknown}
 q - a scroll of brand weapon {unknown}
 s - a scroll of identify
 u - a scroll of remove curse {unknown}
 A - a scroll of noise
Potions
 b - a potion of cancellation {unknown}
 e - a potion of haste {unknown}
 g - 2 potions of cure mutation {unknown}
 i - 3 potions of might
 o - a potion of brilliance {unknown}
Comestibles
 c - 5 bread rations
 h - 3 chunks of flesh
 j - a beef jerky
 l - 3 fruits
 v - a meat ration
 C - a royal jelly


   Skills:
 - Level 8.0 Fighting
 * Level 17.6 Axes
 + Level 11.3 Armour
 - Level 1.5 Dodging
 + Level 0.0 Evocations


You had 10 spell levels left.
You didn't know any spells.

Dungeon Overview and Level Annotations

Branches:
Dungeon (13/15)               Orc (2/2) D:12            Elf (0/3) Orc:2
 Temple: D:4-7         Lair: D:8-11      Vaults: D:13-14

Altars:
Okawaru

Shops:
D:10 [   Orc:2 (:==

Annotations:
D:2 Terence
Orc:1 Fannar


Innate Abilities, Weirdness & Mutations

You are partially covered in icy blue scales (AC +1).


Message History

Your polar bear claws Fannar but does no damage.
Fannar mumbles some strange words.
Fannar blinks!
Fannar mumbles some strange words.
Unknown command.
Unknown command.
Unknown command.
Fannar barely misses your polar bear.
The ice beast hits you but does no damage.
Fannar blocks your polar bear's attack.
Your polar bear claws Fannar.
Your polar bear claws Fannar but does no damage.
Unknown command.
Unknown command.
Unknown command.
Your polar bear bites Fannar!!
Fannar blocks your polar bear's attack.
Your polar bear closely misses Fannar.
Fannar gestures wildly while chanting.
Fannar drains the heat from the surrounding environment!
You feel very cold.
You die...

#.....#.....##.......###.
......##.....#........#..
#........................
##.......................#
##............[[[.....#..##
#..........>....)........#.
#.............[)[..........
#..........................
#......#..@................
##.....Y...................
#....e..YY...##............
##...h........#........#...
##......#.............#....
#.....................##.##
##........#.....#....## .#
##...#..........#...# .
#.....#..#.....###.## #.


You could see Fannar, 3 ice beasts and a friendly polar bear (berserk).

Vanquished Creatures
  An ettin (Orc:1)
  A hill giant (D:11)
  3 orc knights (Orc:2)
  An orc sorcerer (Orc:2)
  A cyclops (D:13)
  Joseph (D:9)
  A kobold demonologist (D:12)
  3 trolls
  2 wargs (Orc:1)
  A water moccasin (D:6)
  6 ice beasts (IceCv)
  33 orc warriors
  A sky beast (D:10)
  3 ogres
  A necrophage (D:12)
  A phantom (D:10)
  16 centaurs
  3 giant frogs
  A wyvern zombie (D:12)
  4 killer bees (D:11)
  3 crimson imps
  A jelly (D:10)
  7 orc priests
  A hound (D:12)
  2 centaur skeletons
  An iguana (D:10)
  3 worker ants
  15 orc wizards
  An adder (D:4)
  3 gnolls (D:3)
  An ooze (D:3)
  A worm (D:2)
  A giant gecko (D:3)
  50 orcs
  2 bats (D:1)
  3 giant cockroaches
  8 goblins
  2 hobgoblins
  2 quokkas
  A giant gecko skeleton (D:7)
  2 giant newts (D:1)
  5 kobolds
  A rat (D:3)
200 creatures vanquished.

Notes
Turn   | Place    | Note
--------------------------------------------------------------
     0 | D:1      | 4thArraOfDagon the Hill Orc Berserker began the quest for the Orb.
     0 | D:1      | Reached XP level 1. HP: 19/19 MP: 1/1
    99 | D:1      | Reached XP level 2. HP: 16/27 MP: 2/2
   298 | D:2      | Noticed Terence
   302 | D:2      | You fall through a shaft!
   310 | D:3      | Reached ** piety under Trog
   313 | D:3      | Reached XP level 3. HP: 33/33 MP: 3/3
   317 | D:3      | Reached skill level 5 in Axes
   405 | D:4      | Reached XP level 4. HP: 41/41 MP: 4/4
   421 | D:4      | jacquesderrida: HOBo
   421 | D:4      | 4thArraOfDagon: hi
   423 | D:4      | jacquesderrida: Very good
   424 | D:4      | jacquesderrida: HAI
   512 | D:4      | Found an iron altar of Okawaru.
   521 | D:4      | jacquesderrida: Where is your warlock mirror
   531 | D:4      | jacquesderrida: Why aren't you wearing it?!
   545 | D:4      | Reached XP level 5. HP: 47/47 MP: 5/5
   549 | D:4      | Reached skill level 6 in Axes
   603 | D:5      | Entered Level 5 of the Dungeon
   604 | D:5      | Noticed an orc warrior
   604 | D:5      | Noticed a centaur
   615 | D:5      | Killed a centaur
   615 | D:5      | Reached skill level 5 in Fighting
   615 | D:5      | Reached XP level 6. HP: 56/56 MP: 6/6
   620 | D:5      | Killed an orc warrior
   620 | D:5      | Reached skill level 7 in Axes
   653 | D:6      | Noticed an orc warrior
   662 | D:6      | Killed an orc warrior
   662 | D:6      | Reached XP level 7. HP: 62/62 MP: 7/7
   701 | D:6      | Reached skill level 8 in Axes
   821 | D:6      | Reached skill level 5 in Armour
   845 | D:6      | Reached XP level 8. HP: 57/71 MP: 8/8
   847 | D:6      | Reached skill level 9 in Axes
   878 | D:6      | Got a faintly humming robe
   924 | D:7      | 4thArraOfDagon: warlock mirror?
   924 | D:7      | 4thArraOfDagon: ahh
   940 | D:7      | 4thArraOfDagon: im bad at finding items!
   961 | D:8      | 4thArraOfDagon: teach me senpai
  1090 | D:9      | Noticed Joseph
  1124 | D:9      | Killed Joseph
  1124 | D:9      | Reached skill level 10 in Axes
  1168 | D:10     | Entered Level 10 of the Dungeon
  1314 | D:10     | Found Fenied's Armour Emporium.
  1349 | D:10     | Reached XP level 9. HP: 80/80 MP: 9/9
  1381 | D:10     | Reached skill level 11 in Axes
  1406 | D:10     | jacquesderrida: First you need to open one or two of your eyes
  1423 | D:10     | Gained mutation: You are partially covered in icy blue scales (AC +1). [mutagenic meat]
  1437 | D:10     | jacquesderrida: Then scan the immediate surroundings
  1487 | D:11     | jacquesderrida: If there is an item, you come closer and grab it with a hand of two
  1508 | D:11     | jacquesderrida: In none if found, you march forward...
  1533 | D:11     | jacquesderrida: These are the ways of thangs
  1577 | D:11     | Noticed a hill giant
  1588 | D:11     | Killed a hill giant
  1588 | D:11     | Reached skill level 12 in Axes
  1742 | D:12     | Reached skill level 13 in Axes
  1750 | D:12     | Reached XP level 10. HP: 77/88 MP: 10/10
  1786 | D:12     | Found a staircase to the Orcish Mines.
  1801 | D:12     | 4thArraOfDagon: bloooo mouuuuunn
  1820 | D:12     | Noticed a kobold demonologist
  1833 | D:12     | Killed a kobold demonologist
  1966 | D:13     | Noticed a cyclops
  1992 | D:13     | Killed a cyclops
  1992 | D:13     | Reached skill level 14 in Axes
  2074 | D:12     | Noticed a seven-headed hydra
  2159 | D:12     | Noticed an eight-headed hydra
  2527 | Orc:1    | Entered Level 1 of the Orcish Mines
  2599 | Orc:2    | Entered Level 2 of the Orcish Mines
  2613 | Orc:2    | Reached *** piety under Trog
  2680 | Orc:2    | Found a staircase to the Elven Halls.
  2698 | Orc:2    | Reached skill level 15 in Axes
  2775 | Orc:2    | Noticed an orc knight
  2785 | Orc:2    | Killed an orc knight
  2785 | Orc:2    | Reached XP level 11. HP: 90/94 MP: 10/11
  2881 | Orc:2    | Noticed an orc sorcerer
  2888 | Orc:2    | Killed an orc sorcerer
  2888 | Orc:2    | Reached skill level 10 in Armour
  2895 | Orc:2    | Found a frozen archway.
  2909 | IceCv    | Entered an ice cave
  2926 | IceCv    | Reached skill level 16 in Axes
  3013 | Orc:1    | Noticed an ettin
  3022 | Orc:1    | Killed an ettin
  3022 | Orc:1    | Reached **** piety under Trog
  3074 | Orc:1    | Noticed Fannar
  3249 | Orc:2    | Noticed an orc knight
  3278 | Orc:2    | Killed an orc knight
  3294 | Orc:2    | Reached skill level 17 in Axes
  3332 | Orc:2    | Noticed an orc knight
  3610 | Orc:2    | Killed an orc knight
  3682 | Orc:2    | Found Xolagruje's Jewellery Shop.
  3682 | Orc:2    | Found Gydariok's Book Emporium.
  3684 | Orc:2    | Found Ushipnuss's Antique Weapon Shoppe.
  3686 | Orc:2    | Found Puunko's Jewellery Boutique.
  3698 | Orc:2    | Bought the ring "Semuiriki" {rCorr MR+} for 456 gold pieces
  3698 | Orc:2    | Bought an uncursed ring of poison resistance for 280 gold pieces
  3789 | Orc:1    | HP: 1/94 [Fannar/Ozocubu's Refrigeration (10)]
  3794 | Orc:1    | HP: 2/94 [ice beast[Fannar] (11)]
  3797 | Orc:1    | Killed from afar by Fannar

Vault maps used:
D:1:      lightli_iron_boxes
D:2:      marbit_many_paths, uniq_terence
D:3:      nicolae_gozag_zags_fifth_avenue, nemelex_deck, first_bread
D:4:      makhleb_grotto_becter, kennysheep_mini, serial_shops,
          nicolae_shop_stone
D:5:      nicolae_tso_besieged_by_evil, grunt_ministairs_12
D:6:      basic_altar, uniq_pikel
D:7:      lemuel_coloured_pillars_altar, temple_statues
D:8:      serial_ice, serial_ice_l, serial_ice_n, serial_ice_e, serial_ice_d,
          hangedman_tree_tricks, hex_large, uniq_maurice
D:9:      kennysheep_mini_moat, uniq_joseph
D:10:     erik_lair_dragon, serial_shops, shop, minmay_misc_feat_rows
D:12:     orc_0_dummy, serial_shops, kennysheep_little_box, minivault_1,
          hangedman_decor_lopped, uniq_psyche
D:13:     bh_walls_and_bars, uniq_josephine
Orc:1:    uniq_fannar
Orc:2:    st_orc_rangers, portal_ice_cave_entry_pillars_02
IceCv:    ice_cave_statue_garden_02

Action                   |  1- 3 |  4- 6 |  7- 9 | 10-12 || total
-------------------------+-------+-------+-------+-------++-------
Melee: Hand axe          |    40 |    50 |   125 |       ||   215
       Dagger            |    32 |       |     9 |       ||    41
       Battleaxe         |       |       |    43 |   302 ||   345
Invok: Berserk           |     3 |     4 |    11 |    17 ||    35
       Trog's Hand       |       |     1 |    12 |     5 ||    18
       Brothers in Arms  |       |       |       |     1 ||     1
Evoke: Wand              |       |       |     2 |       ||     2
  Use: Potion            |       |     3 |     1 |     1 ||     5
       Scroll            |       |       |     5 |     1 ||     6
 Stab: Invisible         |       |     3 |       |       ||     3
  Eat: Chunk             |     1 |     5 |    19 |    20 ||    45
       Fruit             |       |       |       |     4 ||     4
